Map: Deathaura LE

Players

Lambo

  • Race: Zerg Zerg
  • League: Grandmaster
  • Spawn Location: 11:00

Serral - Winner!

  • Race: Zerg Zerg
  • League: Grandmaster
  • Spawn Location: 5:00

Event: War Chest Team League

VOD

Have the link to the VOD?

Description

Time

  • Played on: Aug. 16, 2020, 5:21 a.m.
  • Length: 15:47
Show
View Real Time Build Order
Export as new Build Order

Lambo Zerg 

Build Orders: Hatch First, Lurkers 

Get SALT Encoding   

  12  0:00  Drone  
  13  0:12  Overlord  
  13  0:17  Drone  
  14  0:31  Drone x2  
  16  0:47  Hatchery  
  15  0:51  Drone  
  15  0:56  Drone  
  17  0:59  Drone  
  18  1:10  Extractor  
  17  1:14  Spawning Pool  
  17  1:17  Drone  
  17  1:19  Drone  
  18  1:27  Drone  
  19  1:38  Drone  
  20  1:49  Drone  
  21  2:00  Queen x2  
  26  2:01  Zergling x2, Overlord  
  26  2:10  Drone  
  26  2:11  Metabolic Boost  
  26  2:13  Drone  
  28  2:21  Drone  
  29  2:29  Drone  
  30  2:32  Hatchery  
  30  2:34  Drone  
  30  2:43  Zergling x2  
  31  2:44  Drone  
  31  2:47  Queen  
  34  2:54  Overlord  
  34  2:56  Drone x2  
  36  3:05  Roach Warren  
  35  3:08  Drone  
  35  3:12  Drone  
  37  3:16  Zergling x6  
  37  3:19  Drone  
  41  3:28  Overlord, Drone  
  41  3:31  Drone  
  43  3:34  Drone  
  43  3:35  Evolution Chamber  
  43  3:37  Overlord  
  43  3:39  Drone  
  44  3:45  Drone x2  
  44  3:48  Overlord  
  46  3:49  Roach x2  
  50  3:56  Roach x2  
  50  3:59  Overlord  
  50  4:01  Roach  
  57  4:02  Drone  
  57  4:05  Extractor  
  57  4:07  Drone  
  57  4:08  Extractor, Drone  
  57  4:10  Drone  
  57  4:14  Drone x2  
  60  4:17  Drone x2  
  60  4:22  Drone x3  
  64  4:26  Lair  
  64  4:29  Drone  
  65  4:32  Drone x2  
  65  4:38  Drone x3  
  70  4:41  Zerg Missile Weapons Level 1  
  70  4:44  Drone x2  
  70  4:45  Drone  
  73  4:48  Drone x2  
  75  4:54  Extractor  
  75  4:56  Drone x2  
  75  4:57  Drone x2  
  78  5:01  Overlord  
  78  5:02  Drone  
  78  5:03  Drone x2  
  78  5:04  Drone  
  81  5:07  Overlord  
  81  5:16  Extractor x2, Drone x2  
  81  5:19  Drone x2  
  83  5:23  Drone x2  
  83  5:26  Drone, Spire  
  83  5:27  Overlord  
  83  5:28  Drone x2  
  87  5:31  Overlord  
  87  5:36  Overseer, Drone x2  
  87  5:40  Glial Reconstitution  
  87  5:41  Hatchery  
  88  5:46  Roach x4  
  96  5:51  Overlord, Evolution Chamber  
  96  5:52  Pneumatized Carapace  
  96  5:56  Roach x2  
  99  6:02  Roach x3  
  105  6:06  Overlord  
  105  6:07  Roach  
  105  6:08  Roach x2  
  105  6:09  Drone x2  
  105  6:11  Drone x2  
  114  6:12  Drone  
  114  6:18  Overlord  
  116  6:19  Overlord  
  116  6:24  Queen  
  118  6:30  Extractor, Hydralisk Den, Infestation Pit  
  115  6:34  Extractor  
  114  6:41  Mutalisk x5  
  114  6:44  Drone x3  
  114  6:45  Drone x3  
  132  6:47  Zerg Flyer Weapons Level 1  
  132  6:49  Overlord  
  132  6:54  Hydralisk Den  
  131  6:55  Drone  
  131  6:57  Infestation Pit  
  131  6:58  Drone x2  
  133  7:05  Overlord  
  133  7:06  Overlord  
  133  7:08  Roach x4  
  141  7:16  Zerg Ground Armor Level 1  
  141  7:17  Drone x3  
  141  7:22  Roach x3  
  150  7:23  Overlord  
  150  7:34  Roach x2  
  150  7:35  Roach x2  
  150  7:37  Zerg Missile Weapons Level 2, Hive  
  158  7:38  Lurker Den  
  157  7:54  Overlord  
  157  7:57  Overlord x2  
  157  7:58  Hatchery, Hydralisk x7  
  156  7:59  Hydralisk  
  156  8:03  Hydralisk x2  
  176  8:11  Spine Crawler  
  175  8:14  Spine Crawler  
  174  8:24  Spine Crawler  
  169  8:52  Lurker x10  
  169  8:54  Seismic Spines  
  169  8:55  Drone x3  
  180  8:57  Drone x2  
  182  9:08  Overlord  
  180  9:19  Overseer  
  180  9:25  Overseer  
  180  9:33  Muscular Augments  
  180  9:36  Overseer  
  165  10:02  Adaptive Talons  
  165  10:04  Zerg Missile Weapons Level 3  
  165  10:05  Overseer  
  155  10:31  Hydralisk x16  
  185  10:37  Overlord  
  185  10:41  Roach Warren  
  180  10:44  Grooved Spines  
  180  10:45  Hydralisk x11  
  180  10:48  Hydralisk x7  
  190  10:53  Drone x3  
  187  11:01  Viper  
  190  11:05  Spine Crawler  
  190  11:08  Spine Crawler  
  190  11:11  Viper  
  188  11:16  Drone x4  
  188  11:17  Drone x5  
  200  11:32  Overseer, Spine Crawler x2  
  198  11:33  Extractor  
  198  11:34  Extractor  
  196  11:42  Overseer  
  186  12:05  Spine Crawler  
  183  12:13  Viper x2  
  189  12:16  Overseer  
  189  12:19  Drone x3  
  190  12:23  Lurker x4  
  190  12:26  Spine Crawler  
  190  12:29  Overlord  
  193  12:34  Hydralisk  
  193  12:35  Lurker, Hydralisk x2  
  188  12:57  Overlord  
  188  12:58  Overlord x3  
  186  13:02  Zerg Ground Armor Level 2  
  174  13:18  Overlord x2  
  172  13:20  Hydralisk x13  
  196  13:36  Hydralisk x2  
  196  13:40  Overlord  
  200  13:54  Overlord  
  200  13:55  Hydralisk x10  
  196  14:17  Hydralisk x2  
  184  14:26  Overseer x2  
  184  14:27  Drone  
  184  14:29  Lurker x8  
  184  14:30  Lurker x2  
  195  14:35  Drone  
  195  14:36  Drone x4  
  200  14:45  Viper x3  
  178  15:02  Hydralisk x6  
  178  15:03  Hydralisk  
  189  15:13  Overseer  
  189  15:14  Hydralisk x3  
  174  15:17  Hydralisk  
Show
View Real Time Build Order
Export as new Build Order

Serral Zerg - Winner!

Build Orders: Hatch First, Lurkers, Roach Hydra 

Get SALT Encoding   

  12  0:00  Drone  
  13  0:12  Overlord  
  13  0:16  Drone  
  14  0:30  Drone x2  
  16  0:47  Hatchery  
  15  0:51  Drone  
  15  0:54  Drone  
  17  1:08  Spawning Pool  
  17  1:10  Drone  
  17  1:13  Extractor  
  17  1:15  Drone  
  17  1:19  Drone  
  18  1:27  Drone  
  19  1:38  Drone  
  20  1:53  Overlord  
  20  1:54  Queen  
  20  1:59  Queen  
  20  2:00  Zergling x2, Drone  
  26  2:11  Drone x2  
  26  2:12  Metabolic Boost  
  28  2:21  Drone x2  
  30  2:33  Hatchery  
  30  2:35  Zergling x2  
  30  2:38  Drone  
  31  2:44  Baneling Nest  
  31  2:47  Drone  
  31  2:50  Overlord  
  31  2:53  Drone  
  31  2:55  Drone  
  33  3:02  Zergling x2  
  33  3:04  Drone x2  
  36  3:09  Drone  
  36  3:10  Drone x2  
  36  3:12  Drone  
  40  3:17  Overlord  
  40  3:21  Zergling x2  
  40  3:24  Zergling x2  
  42  3:29  Evolution Chamber  
  42  3:30  Baneling  
  42  3:31  Queen  
  42  3:35  Drone  
  42  3:38  Drone x3  
  42  3:39  Drone  
  47  3:45  Roach Warren  
  47  3:46  Drone  
  47  3:48  Drone  
  47  3:52  Overlord  
  48  3:56  Zerg Missile Weapons Level 1  
  48  3:57  Drone  
  48  4:00  Extractor, Zergling x2  
  48  4:01  Drone  
  50  4:03  Drone  
  50  4:04  Drone  
  50  4:06  Drone  
  53  4:11  Drone x3  
  53  4:16  Lair  
  56  4:18  Overlord  
  56  4:22  Overlord  
  55  4:33  Drone x2  
  55  4:34  Drone, Roach x2  
  55  4:35  Drone  
  55  4:36  Drone  
  64  4:41  Extractor, Drone x3, Roach  
  64  4:42  Drone x2  
  70  4:48  Extractor  
  70  4:49  Roach  
  70  4:50  Drone x3  
  73  4:55  Pneumatized Carapace  
  73  4:57  Drone x2  
  75  5:01  Drone  
  76  5:07  Overlord  
  76  5:11  Drone x2  
  76  5:12  Drone x2  
  76  5:13  Drone  
  81  5:15  Glial Reconstitution  
  81  5:17  Extractor  
  81  5:18  Extractor, Overlord  
  81  5:19  Drone x3  
  82  5:22  Overseer  
  82  5:26  Drone x4  
  86  5:31  Hatchery  
  86  5:32  Overlord  
  86  5:33  Overlord  
  85  5:36  Roach  
  85  5:39  Roach  
  85  5:41  Roach  
  91  5:46  Roach  
  91  5:47  Evolution Chamber, Roach x2  
  95  5:52  Roach x2  
  95  5:53  Roach x2  
  95  5:56  Zerg Missile Weapons Level 2  
  102  6:02  Roach x3  
  102  6:03  Hydralisk Den  
  107  6:05  Overseer  
  107  6:08  Roach x2  
  111  6:13  Overlord x2  
  111  6:16  Zerg Ground Armor Level 1  
  111  6:20  Drone x3  
  111  6:25  Overlord x2  
  114  6:27  Overlord  
  114  6:31  Overlord  
  114  6:32  Roach x2  
  120  6:33  Roach  
  120  6:36  Muscular Augments  
  120  6:46  Overlord  
  120  6:51  Hydralisk x7  
  134  6:55  Hydralisk  
  134  6:57  Drone  
  134  6:58  Queen  
  134  7:00  Extractor, Drone x2  
  134  7:01  Drone  
  141  7:06  Roach x3  
  147  7:11  Spore Crawler  
  146  7:15  Drone  
  146  7:17  Drone, Spore Crawler  
  146  7:18  Spore Crawler  
  146  7:20  Lurker Den  
  146  7:21  Roach  
  146  7:22  Roach x3  
  153  7:23  Spore Crawler  
  153  7:28  Overlord x2  
  152  7:33  Roach x2  
  152  7:34  Ravager  
  157  7:41  Overlord x2  
  157  7:43  Extractor, Drone  
  157  7:44  Drone x2  
  158  7:46  Infestation Pit  
  158  7:47  Grooved Spines  
  158  7:57  Drone  
  159  8:06  Roach x4  
  159  8:08  Roach x3  
  172  8:16  Roach x2  
  172  8:17  Roach x4  
  184  8:20  Overlord x3  
  184  8:22  Overlord  
  184  8:24  Hive  
  184  8:26  Overlord  
  182  8:45  Lurker x4  
  182  8:47  Hydralisk x3  
  188  8:58  Drone x3  
  188  9:00  Drone, Spore Crawler x2  
  188  9:02  Overlord, Hatchery  
  187  9:10  Drone  
  187  9:11  Spine Crawler  
  187  9:13  Tunneling Claws  
  187  9:14  Burrow  
  187  9:20  Hydralisk x4  
  199  9:36  Overseer  
  199  9:44  Lurker x4  
  199  9:45  Seismic Spines  
  197  9:58  Hydralisk x10  
  199  10:20  Lurker x2  
  199  10:21  Lurker  
  197  10:23  Overseer  
  197  10:27  Lurker  
  198  10:36  Overseer x2  
  198  10:42  Hatchery, Adaptive Talons  
  156  10:50  Viper x5  
  168  10:58  Viper, Drone x5  
  168  10:59  Drone x4  
  168  11:01  Hydralisk x2  
  168  11:02  Overseer  
  180  11:05  Overlord, Overseer  
  180  11:21  Zerg Missile Weapons Level 3  
  180  11:23  Zerg Ground Armor Level 2  
  180  11:27  Spore Crawler  
  180  11:29  Extractor x2  
  180  11:30  Spine Crawler x2  
  180  11:31  Spore Crawler  
  174  11:33  Spine Crawler  
  174  11:35  Hydralisk x5, Roach x3  
  174  11:36  Roach x2  
  174  11:37  Roach x2  
  174  11:38  Overlord, Roach  
  183  11:46  Drone x2  
  179  11:47  Drone x2  
  179  11:52  Roach x3  
  179  11:53  Roach  
  181  11:59  Roach  
  178  12:07  Hydralisk x9  
  192  12:17  Roach x4  
  192  12:18  Roach x2  
  192  12:19  Roach x2  
  192  12:26  Drone  
  189  12:35  Roach  
  187  12:39  Hatchery, Hydralisk x7  
  187  12:41  Roach x3  
  187  12:42  Roach  
  187  12:44  Hatchery  
  199  12:46  Hydralisk x4  
  188  13:03  Overseer  
  188  13:04  Overseer  
  188  13:05  Hydralisk, Lurker x3  
  188  13:06  Lurker, Hydralisk x4  
  188  13:07  Roach x4  
  191  13:21  Hydralisk, Lurker  
  191  13:22  Hydralisk x3, Lurker  
  200  13:27  Overlord x2  
  192  13:35  Overseer  
  190  13:45  Overlord  
  190  13:46  Drone x2  
  190  13:48  Spore Crawler  
  191  13:54  Hatchery  
  180  13:56  Hydralisk x11  
  180  14:01  Lurker x2  
  199  14:19  Overlord  
  188  14:24  Hydralisk x8  
  200  14:33  Overlord  
  200  14:34  Overlord  
  198  15:05  Lurker x3  
  198  15:06  Lurker  
  196  15:07  Hydralisk x2  
  193  15:20  Hydralisk x4  
  199  15:25  Lurker  
Tags
 
Add a new tag
Caveats
  • Supply blocks, unpowered buildings, or Contaminate may cause inaccurate times.
  • Supply counts are checked every 10 seconds.